 Dungeon Crawl Stone Soup version 0.19.1 (webtiles) character file.

62 M4edhros the Grave Robber (level 4, -1/27 HPs)
             Began as an Octopode Necromancer on Dec 26, 2016.
             Killed from afar by a dart slug (7 damage)
             ... with a slug dart
             ... on level 3 of the Dungeon.
             The game lasted 00:05:11 (672 turns).

M4edhros the Grave Robber (Octopode Necromancer)     Turns: 672, Time: 00:05:12

Health: -1/27      AC:  1    Str:  7    XL:     4   Next: 8%
Magic:  2/7        EV: 13    Int: 17    God:
Gold:   55         SH:  0    Dex: 13    Spells: 3 memorised, 2 levels left

rFire  . . .     SeeInvis .       - Unarmed
rCold  . . .     Gourm    .     (no shield)
rNeg   . . .     Faith    .     (helmet restricted)
rPois  .         Spirit   .     (no amulet)
rElec  .         Reflect  .     e - ring of flight
rCorr  .         Harm     .     h - ring of teleportation (curse)
MR     .....     Rnd*Tele +     (no ring)
Stlth  +++.......               (no ring)
                                (no ring)
                                (no ring)
                                (no ring)
                                (no ring)

@: very slightly contaminated
A: almost no armour, stealthy swim, amphibious, 8 rings, constrict 8, camouflage
1, gelatinous body 1
a: Evoke Flight


You were on level 3 of the Dungeon.
You were hungry.

You visited 1 branch of the dungeon, and saw 4 of its levels.

You collected 55 gold pieces.

Inventory:

Jewellery
 e - a ring of flight (left tentacle)
 h - a cursed ring of teleportation (right tentacle)
Scrolls
 d - a scroll of blinking {unknown}
 f - a scroll of teleportation
Books
 a - a book of Necromancy

   Spells                             Type                      Level
   a - Pain                           Necromancy                   1
   b - Animate Skeleton               Necromancy                   1
   c - Vampiric Draining              Necromancy                   3
   d - Regeneration                   Charms/Necromancy            3
   e - Animate Dead                   Necromancy                   4
   f - Control Undead                 Necromancy                   4
Comestibles
 b - 2 bread rations


   Skills:
 - Level 2.0 Dodging
 - Level 2.6 Stealth
 + Level 3.5 Unarmed Combat
 - Level 2.0 Spellcasting
 - Level 4.0 Necromancy


You had 2 spell levels left.
You knew the following spells:

 Your Spells              Type           Power        Failure   Level  Hunger
a - Pain                  Necr           ###.         3%          1    #......
b - Animate Skeleton      Necr           N/A          3%          1    #......
c - Regeneration          Chrm/Necr      #.........   24%         3    ###....


Dungeon Overview and Level Annotations

Branches:
Dungeon (4/15)
 Temple: D:4-7

Altars:

Annotations:
D:4 lupus83's ghost, amateur DEFE


Innate Abilities, Weirdness & Mutations

You cannot wear most types of armour.
You are very stealthy in the water. (Stealth+)
You are amphibious.
You can wear up to eight rings at the same time.
You can use your tentacles to constrict eight enemies at once.
Your skin changes colour to match your surroundings (Stealth+).
Your rubbery body absorbs attacks. (AC +1, EV +1)


Message History

Found 22 stones.
Casting: Regeneration
Confirm with . or Enter, or press ? or * to list all spells.
You miscast Regeneration.
You are very lightly contaminated with residual magic.
You shiver with cold.
You are feeling hungry.
A dart slug comes into view.
Casting: Regeneration
Confirm with . or Enter, or press ? or * to list all spells.
You miscast Regeneration.
You feel numb. The dart slug launches a dart at you. The slug dart misses you.
Found a white potion.
Found a stone staircase leading up.
You see here 22 stones.
Found a stone staircase leading down.
There is a stone staircase leading up here.
The dart slug launches a dart at you. The slug dart hits you!
You die...

#.##..........##... ...
#.##..........#.!..>...
......#.###.....# .....
#.###....(w....# ....
#.#####.##.....###...
..................#
#.......###.......#
........# #.......#
#.).....# #####.@.#
..####.## #.### ..# ..
#.# ..# #.# .... #.#
..## ..# ... ..


You could see a dart slug.

Vanquished Creatures
  3 adders
  A worm (D:1)
  A ball python (D:1)
  6 bats (D:1)
  2 giant cockroaches (D:1)
  3 goblins
  A hobgoblin (D:1)
  6 jackals (D:1)
  3 kobolds (D:1)
  A frilled lizard (D:1)
  5 rats (D:1)
32 creatures vanquished.

Notes
Turn   | Place    | Note
-------+----------+-------------------------------------------
     0 | D:1      | M4edhros the Octopode Necromancer began the quest for the Orb.
     0 | D:1      | Reached XP level 1. HP: 11/11 MP: 3/3
     1 | D:1      | Found a runed door.
    30 | D:1      | Reached skill level 1 in Unarmed Combat
   105 | D:1      | Reached XP level 2. HP: 6/17 MP: 3/5
   291 | D:1      | Learned a level 1 spell: Animate Skeleton
   353 | D:1      | Reached XP level 3. HP: 4/21 MP: 3/6
   365 | D:1      | Learned a level 3 spell: Regeneration
   589 | D:4      | Noticed an ogre
   620 | D:4      | Noticed lupus83's ghost (amateur DEFE)
   640 | D:3      | Reached XP level 4. HP: 18/27 MP: 5/7
   672 | D:3      | Killed from afar by a dart slug

Skill      XL: |  1  2  3 |
---------------+----------+-----
Unarmed Combat | 1 2 3 |  3.5
Dodging        | |  2.0
Stealth        | |  2.6
Spellcasting   | |  2.0
Necromancy     | |  4.0

Action                   |  1- 3 |  4- 6 || total
-------------------------+-------+-------++-------
Melee: Unarmed           |    52 |       ||    52
       Constrict         |    17 |       ||    17
       Tentacles         |     8 |       ||     8
 Cast: Pain              |    21 |       ||    21
       Animate Skeleton  |     6 |       ||     6
       Regeneration      |     3 |       ||     3
  Use: Potion            |     2 |       ||     2
       Scroll            |     3 |       ||     3
Armor: Skin              |     5 |       ||     5
Dodge: Dodged            |    40 |     1 ||    41
